[Event "FIDE World School-ch G-13 2025"]
[Site "Vrnjacka Banja"]
[Date "2025.03.25"]
[Round "6.1"]
[White "Tereshchenko, Eliza"]
[Black "Amanzhol, Khanzada"]
[Result "1-0"]
[Annotator "NA RC"]
[ECO "E06"]
[WhiteElo "1751"]
[BlackElo "1908"]
[PlyCount "81"]
[EventDate "2025.03.19"]
[EventType "swiss"]
[EventCountry "SRB"]
[SourceTitle "playchess.com"]
[Source "ChessBase"]
[SourceQuality "1"]
[TimeControl "5400+30"]

1. d4 Nf6 2. Nf3 e6 3. g3 d5 4. Bg2 Be7 5. O-O O-O 6. c4 a5 7. Qc2 a4 8. Bf4 dxc4 9. Qxc4 Nd5 10. Nbd2 Nd7 11. Rfd1 b5 12. Qc2 Nxf4 13. gxf4 Bb7 14. e3 Rb8 15. Ne5 Nxe5 16. Bxb7 Rxb7 17. dxe5 c5 18. Ne4 Qb6 19. Rac1 Rc8 20. Nd6 Bxd6 21. Rxd6 Qa5 22. f5 exf5 23. Qxf5 Rbc7 24. Rcd1 Qa8 25. Rd7 Rxd7 26. Rxd7 Rf8 27. e6 fxe6 28. Qg5 Rf7 29. Rd8+ Qxd8 30. Qxd8+ Rf8 31. Qb6 a3 32. Qxc5 axb2 33. Qxb5 Kf7 34. Qxb2 Kg6 35. a4 Ra8 36. Qb5 Kf6 37. a5 Rd8 38. a6 Rd5 39. Qxd5 exd5 40. a7 g6 41. a8=Q 1-0

[Event "FIDE World School-ch G-13 2025"]
[Site "Vrnjacka Banja"]
[Date "2025.03.25"]
[Round "6.2"]
[White "Gaer, Sofiya Ig"]
[Black "Omirserik, Alima"]
[Result "1/2-1/2"]
[Annotator "NA RC"]
[ECO "B21"]
[WhiteElo "1733"]
[BlackElo "1814"]
[PlyCount "132"]
[EventDate "2025.03.19"]
[EventType "swiss"]
[EventCountry "SRB"]
[SourceTitle "playchess.com"]
[Source "ChessBase"]
[SourceQuality "1"]
[TimeControl "5400+30"]

1. e4 c5 2. d4 cxd4 3. c3 dxc3 4. Nxc3 Nc6 5. Nf3 e6 6. Bc4 Nge7 7. O-O Ng6 8. Be3 Be7 9. Qe2 O-O 10. Rfd1 b6 11. a4 Nge5 12. Nxe5 Nxe5 13. Ba2 Bb7 14. f4 Ng6 15. Qd2 Bc6 16. Rac1 Bb4 17. Qd4 Qe7 18. Kh1 Rfd8 19. Bb3 Bc5 20. Qd2 Bxe3 21. Qxe3 Qb4 22. Bc2 Qxb2 23. f5 exf5 24. exf5 Nh4 25. Nd5 Bxd5 26. Rxd5 Re8 27. Qd2 Rac8 28. h3 g6 29. fxg6 Nxg6 30. Rb5 Qc3 31. Qf2 Qe3 32. Qf1 Qd2 33. Rb2 Qe2 34. Qf5 Qe5 35. Rcb1 Qxf5 36. Bxf5 Rcd8 37. Rd2 d5 38. Rbd1 Re5 39. Bc2 Kf8 40. Bb3 Ne7 41. Kg1 Re6 42. Rd4 Red6 43. Kf2 a6 44. Kf3 b5 45. axb5 axb5 46. Kf2 R8d7 47. Rb4 Rb6 48. Rbd4 h6 49. Rc1 Kg7 50. Rc5 f5 51. Rb4 d4 52. Rbxb5 Rg6 53. Rc2 Rgd6 54. Rd2 Kf6 55. g4 fxg4 56. hxg4 Kg7 57. Kf3 Rf6+ 58. Ke4 Rg6 59. Kf4 Rgd6 60. g5 Ng6+ 61. Kg4 hxg5 62. Rxg5 Rb6 63. Bc2 d3 64. Rxd3 Rc7 65. Rd2 Rcc6 66. Rd1 Rb5 1/2-1/2

[Event "FIDE World School-ch G-13 2025"]
[Site "Vrnjacka Banja"]
[Date "2025.03.25"]
[Round "6.3"]
[White "Begmuratova, Sarvinoz"]
[Black "Smirnova, Viktoria A"]
[Result "1-0"]
[Annotator "NA RC"]
[ECO "B40"]
[WhiteElo "1808"]
[BlackElo "1671"]
[PlyCount "63"]
[EventDate "2025.03.19"]
[EventType "swiss"]
[EventCountry "SRB"]
[SourceTitle "playchess.com"]
[Source "ChessBase"]
[SourceQuality "1"]
[TimeControl "5400+30"]

1. e4 c5 2. Nf3 e6 3. g3 b6 4. Bg2 Bb7 5. Qe2 Nc6 6. c3 d5 7. exd5 Qxd5 8. O-O Nf6 9. Re1 Be7 10. Qb5 O-O 11. Na3 Qh5 12. Nc4 Na5 13. Re5 a6 14. Qa4 Bc6 15. Qd1 Qg4 16. Nxa5 bxa5 17. h3 Qc4 18. Bf1 Bxf3 19. Qxf3 Qa4 20. Qb7 Bd6 21. b3 Rfb8 22. Qxb8+ Rxb8 23. bxa4 Bxe5 24. Bxa6 Rd8 25. Kf1 Ne4 26. Ke2 Rb8 27. Bd3 Nf6 28. Ba3 Rc8 29. Ba6 Rb8 30. Bxc5 Rb2 31. Ba3 Rc2 32. Kd3 1-0

[Event "FIDE World School-ch G-13 2025"]
[Site "Vrnjacka Banja"]
[Date "2025.03.25"]
[Round "6.4"]
[White "Abylaykyzy, Bibisara"]
[Black "Mamakova, Aknur"]
[Result "1-0"]
[Annotator "NA RC"]
[ECO "A14"]
[WhiteElo "1651"]
[BlackElo "1797"]
[PlyCount "67"]
[EventDate "2025.03.19"]
[EventType "swiss"]
[EventCountry "SRB"]
[SourceTitle "playchess.com"]
[Source "ChessBase"]
[SourceQuality "1"]
[TimeControl "5400+30"]

1. Nf3 Nf6 2. g3 e6 3. Bg2 d5 4. O-O Be7 5. b3 O-O 6. c4 c5 7. e3 Nc6 8. d4 b6 9. Bb2 Bb7 10. Nbd2 Rc8 11. a3 Nb8 12. Rc1 Nbd7 13. Qe2 Re8 14. Rfd1 Bf8 15. Ne5 Qe7 16. f4 Red8 17. Qf2 Ne4 18. Nxe4 dxe4 19. Nxd7 Qxd7 20. Bh3 f5 21. Bf1 Qf7 22. dxc5 bxc5 23. Qe1 Bc6 24. b4 Rxd1 25. Rxd1 Ba4 26. Rc1 Rb8 27. b5 Qd7 28. Qa5 Bd1 29. Be5 Rc8 30. Qc3 Rd8 31. Ra1 Ba4 32. Qa5 Bc2 33. a4 Qb7 34. Qxd8 1-0

[Event "FIDE World School-ch G-13 2025"]
[Site "Vrnjacka Banja"]
[Date "2025.03.25"]
[Round "6.5"]
[White "Xu, Luna Yuexiu"]
[Black "Akuratiya, A G Hansadie Aradhya"]
[Result "1/2-1/2"]
[Annotator "NA RC"]
[ECO "A96"]
[WhiteElo "1901"]
[BlackElo "1629"]
[PlyCount "118"]
[EventDate "2025.03.19"]
[EventType "swiss"]
[EventCountry "SRB"]
[SourceTitle "playchess.com"]
[Source "ChessBase"]
[SourceQuality "1"]
[TimeControl "5400+30"]

1. d4 f5 2. c4 Nf6 3. Nc3 e6 4. Nf3 Be7 5. g3 d6 6. Bg2 O-O 7. O-O Ne4 8. Qc2 Nxc3 9. Qxc3 Bf6 10. Be3 Qe7 11. b4 Nd7 12. Rfd1 e5 13. Qb3 g5 14. dxe5 dxe5 15. c5+ Kh8 16. Qd5 f4 17. Bd2 e4 18. Nd4 c6 19. Qe6 Qg7 20. Nf5 Qg6 21. Ne7 Qe8 22. Qxe4 Qxe7 23. Qxe7 Bxe7 24. b5 Nxc5 25. Bc3+ Kg8 26. bxc6 bxc6 27. gxf4 gxf4 28. Bxc6 Rb8 29. Kh1 Bf6 30. Bxf6 Rxf6 31. Rd8+ Rf8 32. Bd5+ Be6 33. Bxe6+ Nxe6 34. Rd6 Rb6 35. Rg1+ Kh8 36. Rd7 a6 37. Rgd1 Rb2 38. R1d2 Rxd2 39. Rxd2 Rd8 40. Rb2 Rd6 41. Kg2 Kg7 42. Rb7+ Kg6 43. Kf3 h5 44. e3 fxe3 45. Kxe3 Kf5 46. f4 Kg4 47. h3+ Kxh3 48. f5 Nc5 49. Rc7 Nd7 50. Kf4 Rd4+ 51. Kg5 h4 52. Rc2 Kg3 53. Rc3+ Kg2 54. Rc2+ Kf3 55. Rc3+ Kg2 56. Rc2+ Kg1 57. Rc1+ Kf2 58. Rc2+ Kg3 59. Rc3+ Kg2 1/2-1/2

[Event "FIDE World School-ch G-13 2025"]
[Site "Vrnjacka Banja"]
[Date "2025.03.25"]
[Round "6.6"]
[White "Veleva, Ilijana"]
[Black "Leca Andrei, Anastasia"]
[Result "0-1"]
[Annotator "NA RC"]
[ECO "B30"]
[WhiteElo "1554"]
[BlackElo "1805"]
[PlyCount "160"]
[EventDate "2025.03.19"]
[EventType "swiss"]
[EventCountry "SRB"]
[SourceTitle "playchess.com"]
[Source "ChessBase"]
[SourceQuality "1"]
[TimeControl "5400+30"]

1. e4 c5 2. Nf3 e6 3. Nc3 Nc6 4. Bb5 Nd4 5. Bd3 g6 6. b3 Bg7 7. Bb2 a6 8. O-O Ne7 9. Rb1 O-O 10. Nxd4 cxd4 11. Ne2 d5 12. c3 dxe4 13. Bxe4 f5 14. Bd3 Nc6 15. Qc2 b5 16. Ba3 Re8 17. c4 b4 18. Bb2 e5 19. f3 h5 20. Ng3 h4 21. Nh1 Bb7 22. Nf2 Na5 23. Rbe1 Bh6 24. Re2 Qd7 25. Rfe1 Bg7 26. Qb1 Bc6 27. Bc2 Nb7 28. d3 Nc5 29. Bc1 Kf7 30. Bg5 Bf6 31. Qc1 Qd6 32. Bxf6 Qxf6 33. Nh3 Kg7 34. Qg5 Qxg5 35. Nxg5 Kf6 36. Nh3 Re6 37. Nf2 Rae8 38. Bb1 a5 39. Rb2 Rh8 40. Kf1 h3 41. gxh3 Bxf3 42. Bc2 Rhe8 43. Bd1 Bc6 44. Rbe2 e4 45. dxe4 fxe4 46. Ng4+ Kg7 47. Rd2 Nd3 48. Ree2 Nf4 49. Rxd4 Nxe2 50. Kxe2 R8e7 51. Ke3 Rf7 52. Be2 a4 53. Nf2 axb3 54. axb3 Rfe7 55. Bg4 Re5 56. Rd6 Ba8 57. Rb6 Rb7 58. Rd6 Kf7 59. Bc8 Rc7 60. Bg4 Bc6 61. Rd4 Ra5 62. Nxe4 Re7 63. Bf3 Ra2 64. Kf4 Bxe4 65. Bxe4 Rxh2 66. Kg3 Re2 67. Bd5+ Kf6 68. c5 R7e5 69. Bc4 R2e3+ 70. Kf4 g5+ 71. Kg4 R5e4+ 72. Rxe4 Rxe4+ 73. Kf3 Rxc4 74. bxc4 b3 75. c6 Ke6 76. c7 Kd7 77. c8=Q+ Kxc8 78. Kg4 b2 79. Kxg5 b1=Q 80. h4 Qh7 0-1